 Dungeon Crawl Stone Soup version 0.21-a0-88-g13b9641 (webtiles) character file.

2959 HAL9000 the Basher (level 9, 0/84 HPs)
             Began as an Ogre Hunter on June 27, 2017.
             Slain by Psyche
             ... wielding a +2 dagger of distortion
              (16 damage)
             ... on level 8 of the Dungeon.
             The game lasted 00:17:40 (10059 turns).

HAL9000 the Basher (Ogre Hunter)                   Turns: 10059, Time: 00:17:41

Health: 0/84       AC: 10    Str: 21    XL:     9   Next: 81%
Magic:  9/9        EV: 11    Int: 12    God:
Gold:   479        SH:  0    Dex:  9    Spells: 8/8 levels left

rFire    . . .     SeeInvis .   x - +0 morningstar
rCold    . . .     Gourm    .   (no shield)
rNeg     . . .     Faith    .   b - +0 robe
rPois    .         Spirit   .   H - +2 hat
rElec    .         Reflect  .   L - +0 cloak
rCorr    .         Harm     .   (gloves unavailable)
MR       .....                  (boots unavailable)
Stlth    +.........             (no amulet)
HPRegen  0.24/turn              v - +3 ring of protection
MPRegen  0.11/turn              R - +1 ring of protection

@: about to teleport
A: unfitting armour, tough skin 1
a: no special abilities


You were on level 8 of the Dungeon.
You were hungry.

You visited 1 branch of the dungeon, and saw 8 of its levels.

You collected 479 gold pieces.

Inventory:

Hand Weapons
 x - a +0 morningstar (weapon)
 S - a +0 giant spiked club
Missiles
 c - 3 large rocks (quivered)
 d - a throwing net
Armour
 b - a +0 robe (worn)
 H - a +2 hat (worn)
 L - a +0 cloak (worn)
Jewellery
 v - a +3 ring of protection (left hand)
 K - a +6 ring of evasion {unknown}
 R - a +1 ring of protection (right hand)
 X - an uncursed ring of flight
Wands
 P - a wand of enslavement (6/24)
 T - a wand of clouds (2/9)
 U - a wand of flame (8/48)
 V - a wand of acid (6/15)
 W - a wand of digging (12/24)
 Y - a wand of paralysis (17/24)
Scrolls
 g - 3 scrolls of remove curse
 m - 5 scrolls of identify
 p - a scroll of fog {unknown}
 r - 4 scrolls of teleportation
 s - 3 scrolls of amnesia {unknown}
 u - 4 scrolls of enchant weapon {unknown}
 y - a scroll of fear {unknown}
 A - 3 scrolls of recharging {unknown}
 C - 2 scrolls of blinking {unknown}
 E - a scroll of magic mapping {unknown}
 J - a scroll of immolation {unknown}
Potions
 q - a potion of might
 F - a potion of curing
 M - a potion of flight
 N - a potion of agility
 O - a potion of resistance {unknown}
 Q - 2 potions of cancellation
 Z - a potion of magic {unknown}
Comestibles
 f - 11 bread rations
 j - 2 royal jellies
 D - 3 meat rations


   Skills:
 - Level 4.0 Fighting
 + Level 11.3 Maces & Flails
 - Level 4.0 Throwing
 + Level 3.4 Dodging
 - Level 0.6 Stealth


You had 8 spell levels left.
You didn't know any spells.

Dungeon Overview and Level Annotations

Branches:
Dungeon (8/15)             Temple (0/1) D:5
   Lair: D:8-11

Altars:
Elyvilon
Sif Muna
Vehumet
Yredelemnul

Annotations:
D:6 1 transporter
D:8 Psyche


Innate Abilities, Weirdness & Mutations

You are too large for most types of armour.
You have tough skin. (AC +1)


Message History

You feel strangely unstable.
Psyche shouts!
Psyche gestures at you while chanting.
The puff of frost hits the freed slave.
Unknown command.
The centaur shouts!
The freed slave closely misses Psyche.
Psyche laughs secretively.
There are monsters nearby!
You barely miss Psyche.
Psyche is moderately wounded.
Psyche hits you but does no damage. Space bends around you.
* * * LOW HITPOINT WARNING * * *
Something hits the freed slave!
Psyche hits you but does no damage. Space bends around you.
* * * LOW HITPOINT WARNING * * *
The freed slave hits Psyche.
You feel better. Psyche hits you but does no damage.
Space warps horribly around you!
You die...

..###.#########<@###
#####
.p.)..........[..#
......)#.......###
......p#.).....###
..######......o..#
..# #....p....# ###
########p## #@##
#.@# ####


You could see Psyche, an orc and a neutral freed slave.

Vanquished Creatures
  Pikel (D:8)
  A spriggan (D:8)
  A hungry ghost (D:7)
  2 sky beasts
  An orc warrior (D:6)
  A hornet zombie (D:6)
  5 centaurs
  2 ogres
  The ghost of Ijustatesigmund the Sneak, an amateur OpAs (D:3)
  3 bullfrogs
  A scorpion (D:6)
  3 crimson imps (D:5)
  2 bullfrog zombies (D:5)
  A jelly (D:6)
  A howler monkey (D:5)
  3 hounds
  2 centaur skeletons (D:4)
  Crazy Yiuf (D:3)
  3 orc wizards
  Natasha (thrice) (D:3)
  An iguana (D:4)
  2 worker ants
  2 worker ant zombies (D:6)
  7 gnolls
  15 adders
  2 oozes
  An adder skeleton (D:6)
  2 worms (D:2)
  A dart slug (D:3)
  2 leopard geckos
  15 orcs
  3 ball pythons (D:1)
  13 bats
  11 giant cockroaches
  10 hobgoblins
  3 jackals (D:3)
  7 quokkas
  6 frilled lizards
  10 goblins
  A jackal zombie (D:6)
  11 kobolds
  10 rats
173 creatures vanquished.

Vanquished Creatures (others)
  A slave (D:8)
  An ogre (D:8)
  A necrophage (D:8)
  A howler monkey (D:8)
  A worker ant (D:8)
5 creatures vanquished.

Grand Total: 178 creatures vanquished

Notes
Turn   | Place    | Note
-------+----------+-------------------------------------------
     0 | D:1      | HAL9000 the Ogre Hunter began the quest for the Orb.
     0 | D:1      | Reached XP level 1. HP: 22/22 MP: 1/1
   116 | D:1      | Reached XP level 2. HP: 24/31 MP: 2/2
  1121 | D:2      | Reached skill level 1 in Maces & Flails
  1137 | D:2      | Reached XP level 3. HP: 33/39 MP: 3/3
  1290 | D:2      | HP: 1/39 [poisoned by an adder]
  1303 | D:2      | Reached skill level 2 in Maces & Flails
  1565 | D:2      | Reached XP level 4. HP: 33/48 MP: 4/4
  2301 | D:2      | Reached skill level 3 in Maces & Flails
  2558 | D:2      | Found a radiant altar of Vehumet.
  2906 | D:2      | Reached XP level 5. HP: 49/54 MP: 5/5
  3380 | D:3      | Reached skill level 4 in Maces & Flails
  3529 | D:3      | Noticed Ijustatesigmund's ghost (amateur OpAs)
  3557 | D:3      | Killed Ijustatesigmund's ghost
  3557 | D:3      | Reached XP level 6. HP: 43/62 MP: 6/6
  3919 | D:3      | Noticed Natasha
  3929 | D:3      | Killed Natasha
  3929 | D:3      | Reached skill level 5 in Maces & Flails
  3967 | D:3      | Noticed Natasha
  3972 | D:3      | Killed Natasha
  4440 | D:3      | Noticed Natasha
  4457 | D:3      | Killed Natasha
  4506 | D:3      | Found a runed door.
  4562 | D:3      | Found a deep blue altar of Sif Muna.
  4616 | D:3      | Noticed Crazy Yiuf
  4619 | D:3      | Killed Crazy Yiuf
  4849 | D:3      | Reached XP level 7. HP: 30/70 MP: 7/7
  5205 | D:4      | Reached skill level 6 in Maces & Flails
  5938 | D:5      | Entered Level 5 of the Dungeon
  5982 | D:5      | Reached skill level 7 in Maces & Flails
  6066 | D:5      | Found a white marble altar of Elyvilon.
  6124 | D:5      | Found a basalt altar of Yredelemnul.
  6212 | D:5      | Reached XP level 8. HP: 78/78 MP: 8/8
  6509 | D:5      | Reached skill level 8 in Maces & Flails
  6608 | D:5      | You fall through a shaft for 3 floors!
  6624 | D:8      | Noticed Pikel
  6628 | D:8      | Killed Pikel
  6628 | D:8      | Reached skill level 9 in Maces & Flails
  6639 | D:8      | Noticed a spriggan baker
  6650 | D:8      | Killed a spriggan baker
  6860 | D:7      | Reached XP level 9. HP: 60/84 MP: 9/9
  6865 | D:7      | Reached skill level 10 in Maces & Flails
  7289 | D:6      | Found a transporter.
  7779 | D:5      | Found a staircase to the Ecumenical Temple.
  8259 | D:6      | Found a transporter.
  8268 | D:6      | Noticed a kobold demonologist
  8371 | D:6      | Reached skill level 11 in Maces & Flails
 10018 | D:8      | Noticed Psyche
 10059 | D:8      | Slain by Psyche

Vault maps used:
D:1:      grunt_arrival_lava_bath
D:2:      vehumet_crystals, minmay_heptomino_w4
D:3:      led_sif_book, first_bread, uniq_natasha, uniq_crazy_yiuf_cottage
D:5:      kennysheep_spiral_hall, nicolae_overflow_crystal_walls,
          yredelemnul_altar_generic, minmay_temple_entry_enclosed_plants
D:6:      gammafunk_wand_slinger
D:7:      kennysheep_generic_room_8
D:8:      minitemple, the_bakery, uniq_pikel, uniq_psyche

Skill      XL: |  1  2  3  4  5  6  7  8  9 |
---------------+----------------------------+-----
Fighting       | 3 4 |  4.0
Maces & Flails | 1 2 3 4 5 7 9 11 | 11.3
Dodging        | 3 |  3.4
Throwing       | |  4.0
Stealth        | |  0.6

Action                   |  1- 3 |  4- 6 |  7- 9 || total
-------------------------+-------+-------+-------++-------
Melee: Short sword       |   159 |   154 |       ||   313
       Morningstar       |       |   144 |   296 ||   440
Throw: Large rock        |     5 |    13 |    11 ||    29
       Throwing net      |       |     1 |       ||     1
  Use: Potion            |     3 |       |     3 ||     6
       Scroll            |       |     5 |     7 ||    12
 Stab: Distracted        |     1 |       |       ||     1
       Sleeping          |       |     1 |     1 ||     2
       Held in net/web   |       |     1 |       ||     1
  Eat: Chunk             |     2 |    11 |    20 ||    33
       Royal jelly       |       |       |     1 ||     1
       Fruit             |       |       |     1 ||     1
Armor: Robe              |    67 |   118 |   145 ||   330
       Skin              |       |       |    24 ||    24
Dodge: Dodged            |   125 |   213 |   123 ||   461
